 Dungeon Crawl Stone Soup version 0.19.4-8-ga85b6b9 (webtiles) character file.

119 Naow the Magician (level 4, -2/24 HPs)
             Began as a Deep Elf Air Elementalist on Feb 11, 2017.
             Slain by a worker ant (5 damage)
             ... on level 4 of the Dungeon.
             The game lasted 00:02:50 (1910 turns).

Naow the Magician (Deep Elf Air Elementalist)       Turns: 1910, Time: 00:02:51

Health: -2/24      AC:  3    Str:  5    XL:     4   Next: 74%
Magic:  0/12       EV: 13    Int: 23    God:
Gold:   119        SH:  0    Dex: 15    Spells: 2 memorised, 9 levels left

rFire  . . .     SeeInvis .     m - +0 whip (elec)
rCold  . . .     Gourm    .     a - +0 robe
rNeg   . . .     Faith    .     (no shield)
rPois  .         Spirit   .     (no helmet)
rElec  .         Reflect  .     j - +0 cloak
rCorr  .         Harm     .     (no gloves)
MR     .....                    (no boots)
Stlth  +.........               (no amulet)
                                (no ring)
                                g - +2 ring of intelligence

@: confused, studying Crossbows, repel missiles
A: no striking features
a: no special abilities


You were on level 4 of the Dungeon.
You were not hungry.

You visited 1 branch of the dungeon, and saw 4 of its levels.

You collected 119 gold pieces.

Inventory:

Hand Weapons
 m - a +0 whip of electrocution (weapon)
Armour
 a - a +0 robe (worn)
 j - a +0 cloak (worn)
Jewellery
 g - a +2 ring of intelligence (left hand)
 p - a +2 ring of dexterity {unknown}
Scrolls
 d - 4 scrolls of remove curse {unknown}
 i - 4 scrolls of recharging {unknown}
 r - a scroll of teleportation {unknown}
Potions
 e - a potion of brilliance {unknown}
 h - a potion of degeneration {unknown}
 n - a potion of curing {unknown}
 q - 3 potions of flight {unknown}
Books
 b - a book of Air

   Spells                             Type                      Level
   a - Shock                          Conjuration/Air              1
   b - Swiftness                      Charms/Air                   2
   c - Repel Missiles                 Charms/Air                   2
   d - Static Discharge               Conjuration/Air              3
   e - Lightning Bolt                 Conjuration/Air              5
 k - a manual of Crossbows
 o - a book of Necromancy

   Spells                             Type                      Level
   a - Pain                           Necromancy                   1
   b - Animate Skeleton               Necromancy                   1
   c - Vampiric Draining              Necromancy                   3
   d - Regeneration                   Charms/Necromancy            3
   e - Animate Dead                   Necromancy                   4
   f - Control Undead                 Necromancy                   4
Comestibles
 c - a bread ration
 f - 4 chunks of flesh
 l - a meat ration


   Skills:
 - Level 2.4 Dodging
 - Level 2.4 Stealth
 + Level 4.8 Spellcasting
 + Level 2.8 Conjurations
 + Level 4.0 Air Magic


You had 9 spell levels left.
You knew the following spells:

 Your Spells              Type           Power        Failure   Level  Hunger
a - Shock                 Conj/Air       ###.         2%          1    None
b - Repel Missiles        Chrm/Air       ##....       10%         2    None


Dungeon Overview and Level Annotations

Branches:
Dungeon (4/15)
 Temple: D:4-7

Altars:

Annotations:
D:3 Robin, Terence


Message History

Press: ? - help, Shift-Dir - straight line, f - orc wizard
Aim: an orc wizard, wielding a dagger and wearing a robe (lightly wounded)
The zap hits the orc wizard.
The orc wizard is moderately wounded.
The jackal misses you. The orc wizard casts a spell at you.
You are confused.
The orc wizard points at you and mumbles some strange words.
The magic dart hits you!
You're too confused to cast spells.
You're too confused!
The jackal barely misses you. The worker ant bites you.
* * * LOW HITPOINT WARNING * * *
The orc wizard hits you but does no damage.
The jackal barely misses you. The orc wizard hits you with a dagger.
* * * LOW HITPOINT WARNING * * *
In your confused state, you trip and fall back down the stairs.
* * * LOW HITPOINT WARNING * * *
The worker ant bites you.
You die...

. # ..#.
.....## #
......o##.##.#
.....aa@oo...#
..#...h##.####
#.##. # # ..
##. .. .. ..


You could see 2 worker ants, 2 orc wizards, an orc and a jackal.

Vanquished Creatures
  2 adders (D:3)
  4 gnolls (D:3)
  A worm (D:3)
  2 dart slugs (D:1)
  2 leopard geckos
  An orc (D:3)
  3 bats
  A giant cockroach (D:3)
  9 hobgoblins
  A quokka (D:2)
  4 frilled lizards
  14 goblins
  4 kobolds
  4 rats
52 creatures vanquished.

Notes
Turn   | Place    | Note
-------+----------+-------------------------------------------
     0 | D:1      | Naow the Deep Elf Air Elementalist began the quest for the Orb.
     0 | D:1      | Reached XP level 1. HP: 10/10 MP: 6/6
   403 | D:1      | Reached XP level 2. HP: 15/15 MP: 4/8
   623 | D:1      | Learned a level 2 spell: Repel Missiles
  1063 | D:3      | Reached XP level 3. HP: 19/19 MP: 0/10
  1564 | D:3      | Found a faded altar of an unknown god.
  1582 | D:3      | Reached XP level 4. HP: 24/24 MP: 7/12
  1894 | D:3      | Noticed Robin
  1895 | D:3      | Noticed Terence
  1910 | D:4      | Slain by a worker ant

Skill      XL: |  1  2  3  4 |
---------------+-------------+-----
Conjurations   | 2 |  2.8
Spellcasting   | 4 |  4.8
Air Magic      | 4 |  4.0
Dodging        | |  2.4
Stealth        | |  2.4

Action                   |  1- 3 |  4- 6 || total
-------------------------+-------+-------++-------
Melee: Unarmed           |     4 |       ||     4
 Cast: Shock             |    75 |    31 ||   106
       Repel Missiles    |     1 |       ||     1
  Eat: Chunk             |     2 |     1 ||     3
Armor: Robe              |     2 |     2 ||     4
Dodge: Dodged            |    11 |    10 ||    21
       Deflected         |       |     1 ||     1
